 Dungeon Crawl Stone Soup version 0.31-a0-185-g9dded2c639 (webtiles) character file.

Game seed: 17014871433948535760

193 qw the Skirmisher (level 5, 0/29 HPs)
             Began as a Deep Elf Hunter on June 22, 2023.
             Slain by a quokka (1 damage)
             ... summoned by Eustachio
             ... on level 4 of the Dungeon.
             The game lasted 00:00:57 (2168 turns).

qw the Skirmisher (Deep Elf Hunter)                 Turns: 2168, Time: 00:00:57

Health: 0/29       AC: 10    Str: 10      XL:     5   Next: 43%
Magic:  7/7        EV: 11    Int: 14      God:
Gold:   211        SH:  0    Dex: 16 (18) Spells: 4/4 levels left

rFire   . . .        Y - +0 shortbow
rCold   . . .        (shield currently unavailable)
rNeg    . . .        g - +1 ring mail {Will+}
rPois   .            (no helmet)
rElec   .            d - +0 cloak
rCorr   .            (no gloves)
SInv    .            f - +2 pair of boots
Will    +....        (no amulet)
Stlth   +            (no ring)
HPRegen 0.24/turn    (no ring)
MPRegen 0.10/turn

%: no passive effects
@: no status effects
A: no striking features
a: no special abilities


You were on level 4 of the Dungeon.
You visited 1 branch of the dungeon, and saw 4 of its levels.

You collected 211 gold pieces.


   Skills:
 + Level 1.5 Fighting
 - Level 9.0 Ranged Weapons
 - Level 2.4 Dodging
 - Level 1.2 Stealth


You had 4 spell levels left.
You didn't know any spells.
Your spell library was empty.

Inventory:

Hand Weapons
 Y - a +0 shortbow (weapon)
Armour
 d - a +0 cloak (worn)
 f - a +2 pair of boots (worn)
 g - a +1 ring mail of willpower (worn)
Scrolls
 b - a scroll of identify
Potions
 a - a potion of magic {unknown}
 c - a potion of invisibility {unknown}
 e - a potion of enlightenment
 h - a potion of cancellation {unknown}
 i - a potion of curing {unknown}
 j - a potion of haste {unknown}
 k - a potion of might {unknown}

Dungeon Overview and Level Annotations

Branches:
Dungeon (4/15)
 Temple: D:4-7

Altars:

Annotations:
D:4 Eustachio


Message History

The bat hits you. The bat misses you. The quasit misses you.
The quasit barely misses you.
The quasit claws you but does no damage.
The quokka closely misses you. The quasit closely misses you.
The quasit claws you but does no damage.
The quasit barely misses you.
You shoot an arrow.
The arrow hits the quasit but does no damage.
The bat hits you but does no damage. The quokka bites you.
The quasit bites you but does no damage.
The quasit claws you but does no damage.
The quasit barely misses you.
You shoot an arrow. The arrow barely misses Eustachio.
The quasit barely misses you.
The quasit claws you but does no damage.
The quasit closely misses you.
The quokka bites you but does no damage.
Eustachio hits you with a +0 rapier. The quasit barely misses you.
The quasit claws you but does no damage. x2
The quokka completely misses you.
You shoot an arrow.
The arrow hits Eustachio but does no damage.
Eustachio is almost dead.
Eustachio mumbles some strange words.
The quasit bites you but does no damage.
The quasit barely misses you.
The quasit claws you but does no damage.
The quokka bites you but does no damage.
The quokka barely misses you.
You shoot an arrow. The arrow barely misses Eustachio.
The arrow closely misses the bat.
The arrow hits the white imp but does no damage.
The quasit disappears in a puff of smoke!
Eustachio twirls his moustache.
Eustachio barely misses you. The quokka closely misses you.
The quokka bites you but does no damage.
You shoot an arrow. The arrow hits Eustachio.
Eustachio is almost dead.
The quokka bites you.
You die...

#.......#
##.......#
...#####..##+#+#.
.............#
#.........###....
.....###..# #.
#.........####..
..#..###.r......
# #....r@#...#.#
#..###@#...+ ..
5b+...# ##.#...#
... ..# ..# ###


You could see Eustachio, a white imp (summoned), 2 quokkas and a bat (summoned).

Vanquished Creatures
  A jelly (D:3)
  Jessica (D:2)
  6 adders
  3 dart slugs
  6 orcs (D:3)
  5 endoplasms
  2 giant cockroaches (D:1)
  4 goblins
  6 hobgoblins
  6 jackals
  5 quokkas
  5 ball pythons
  5 bats
  3 frilled lizards
  5 kobolds
  5 rats
68 creatures vanquished.

Notes
Turn   | Place    | Note
-------+----------+-------------------------------------------
     0 | D:1      | qw the Deep Elf Hunter began the quest for the Orb.
     0 | D:1      | Reached XP level 1. HP: 12/12 MP: 3/3
     0 | D:1      | 0 ||| qw: Version: 0.3-a-9-g12657ce
     0 | D:1      | 0 ||| qw: Game counter: 1757
     0 | D:1      | 0 ||| qw: Always use a shield: true
     0 | D:1      | 0 ||| qw: God list: Okawaru
     0 | D:1      | 0 ||| qw: Allow faded altars: false
     0 | D:1      | 0 ||| qw: Do Orc after D:15 true
     0 | D:1      | 0 ||| qw: Do second Lair branch before Depths: true
     0 | D:1      | 0 ||| qw: Lair rune preference: random
     0 | D:1      | 0 ||| qw: Plans: Normal
     0 | D:1      | 0 ||| PLANNING D:1-11
   121 | D:1      | Reached XP level 2. HP: 16/16 MP: 4/4
   128 | D:1      | Reached skill level 6 in Ranged Weapons
   492 | D:1      | Reached XP level 3. HP: 20/20 MP: 5/5
   714 | D:1      | Found a faded altar of an unknown god.
   797 | D:1      | 797 ||| UPGRADING to +1 ring mail of willpower.
   807 | D:1      | 807 ||| DROPPING +0 leather armour.
   808 | D:1      | 808 ||| READING scroll labelled YLASEYTICW.
   809 | D:1      | 809 ||| READING scroll labelled GEAKAL LOIM.
   810 | D:1      | 810 ||| READING scroll labelled JICYLU ENNOCIY.
   814 | D:1      | 814 ||| READING scroll labelled SUKOYDOLUM.
   815 | D:1      | 815 ||| DROPPING scroll of butterflies.
   829 | D:2      | Reached skill level 7 in Ranged Weapons
  1138 | D:2      | Reached XP level 4. HP: 25/25 MP: 6/6
  1138 | D:2      | Noticed Jessica
  1145 | D:2      | Killed Jessica
  1268 | D:2      | Reached skill level 8 in Ranged Weapons
  1489 | D:2      | 1489 ||| UPGRADING to +0 cloak.
  1494 | D:2      | 1494 ||| UPGRADING to +2 pair of boots.
  1499 | D:2      | 1499 ||| READING 2 scrolls labelled WESUEF CICI.
  1500 | D:2      | 1500 ||| DRINKING 2 fuming dark potions.
  1680 | D:3      | Reached XP level 5. HP: 29/29 MP: 7/7
  2100 | D:3      | Reached skill level 9 in Ranged Weapons
  2129 | D:4      | Noticed Eustachio
  2148 | D:4      | HP: 7/29 [quasit[Eustachio] (1)]
  2154 | D:4      | HP: 3/29 [quasit[Eustachio] (2)]
  2161 | D:4      | HP: 3/29 [quasit[Eustachio] (1)]
  2164 | D:4      | HP: 1/29 [quokka[Eustachio] (1)]
  2168 | D:4      | Slain by a quokka

Levels and vault maps discovered:
D:1:      minmay_arrival_split_and_join, layout_basic,
          shapermc_ecumenical_altar_mp_vishouse, minmay_heptomino_l4
D:2:      layout_loops_ring, amethyst_killhole, kennysheep_nondescript,
          uniq_jessica
D:3:      layout_loops_cross, chequers_mini_garden, minivault_24
D:4:      layout_basic, kennysheep_mini_moat, uniq_eustachio, uniq_ijyb

Skill      XL: |  1  2  3  4  5 |
---------------+----------------+-----
Ranged Weapons | 6 7 8 9 |  9.0
Fighting       | |  1.5
Dodging        | |  2.4
Stealth        | |  1.2

Action                     |  1- 3 |  4- 6 || total
---------------------------+-------+-------++-------
   Fire: Shortbow          |   129 |   117 ||   246
    Use: Scroll            |     4 |     1 ||     5
         Potion            |       |     1 ||     1
 Armour: Leather armour    |    16 |       ||    16
         Ring mail         |    10 |    68 ||    78
  Dodge: Dodged            |    46 |    85 ||   131

Table legend:
 A = Non-vault XP
 B = Vault XP
 C = Vault XP percentage of total XP
 D = Non-vault monster count
 E = Vault monster count
 F = Vault count percentage of total count
                 A         B        C        D         E       F
            +---------+---------+-------+---------+---------+-------
      Total |     234 |      42 |  15.2 |      64 |       4 |   5.9
            +---------+---------+-------+---------+---------+-------
        D:1 |      48 |       5 |   9.4 |      27 |       3 |  10.0
        D:2 |      65 |      37 |  36.3 |      16 |       1 |   5.9
        D:3 |     121 |       0 |   0.0 |      21 |       0 |   0.0
            +---------+---------+-------+---------+---------+-------
